[Event "44th Chess Olympiad Open 2022"]
[Site "Chennai"]
[Date "2022.08.06"]
[Round "8.36"]
[White "Kawuma, Patrick"]
[Black "Stoyanov, Tsvetan"]
[Result "0-1"]
[WhiteElo "2270"]
[BlackElo "2450"]
[Annotator "TA"]
[PlyCount "74"]
[EventDate "2022.??.??"]
[TimeControl "60"]

1. Nf3 d5 2. c4 d4 3. g3 Nc6 4. Bg2 e5 5. d3 Nf6 6. O-O a5 7. Na3 Bc5 {[%emt 0:09:23] A09: Réti Opening: 1 Nf3 d5 2 c4.} 8. Nc2 O-O 9. b3 (9. e3 $11) 9...
Qe7 {[%emt 0:09:12] [#] Black is slightly better.} 10. Bb2 $146 ({Predecessor:} 10. Bg5 h6 11. Bxf6 Qxf6 12. a3 Qe7 13. Qc1 Bg4 14. Re1 f5
15. Nd2 e4 16. f3 {½-½ (31) Stluka,P (2170)-Ptacnik,S (2142) Czech Republic
2008}) 10... Bf5 11. Nh4 Bd7 12. e3 Bg4 13. Bf3 Bh3 14. Bg2 Bxg2 15. Kxg2 dxe3 16. fxe3 Rfd8 17. Qe2 ({White should try} 17. Nf5 $11 Qe6 18. d4)
17... Nb4 (17... Qe6 $15) 18. Ne1 (18. Nf5
$11 Qe6 19. d4 exd4 20. Ncxd4 Qe4+ 21. Kg1) 18... Qe6 19. a3 Nc6 20. Nc2 Qg4 21. Qd1 Qd7 {[%emt 0:00:14] Black is much more active.} 22. b4 axb4 23. axb4 Rxa1 (23... Bxb4 $142 {Hoping for ...Rxa1.} 24. d4 Rxa1 25. Bxa1 Bf8) 24.
Bxa1 $17 Bxb4 25. d4 ({
Better is} 25. Nxb4 Nxb4 26. Bxe5) 25... Bd6 26. Qf3 {[%emt 0:
00:00] [#]} (26. Kg1 $17 {is a better defense.}) 26... b6 (
26... Ra8 $1 $19 {[%cal Ra8a2] is more deadly. White must now prevent ...Ra2.}
27. Rf2 Qg4 28. dxe5 Bxe5 29. Bxe5 Nxe5 30. Qxb7 Rd8) 27. Nf5 e4 (27... Ne8 $5 ) 28. Qe2 {
[%emt 0:00:35] [#]} (28. Qf2 $15) 28... Ra8 $1 29. g4 $2 {
[%emt 0:00:31] This move loses the game for White.} (29. d5 $17 {was called
for.} Ne5 30. Bxe5 Bxe5 31. Nb4) 29... Ra2 $19 30. Rf2 $2 (30. Bc3 Ne7 31. Nxd6 Nxg4 32. Ra1 (32. Nxe4 $2 Rxc2 33. Bd2
Qe6 $19) 32... Qxd6 33. Kh1 Rxa1+ 34. Bxa1) 30... Nb4 {[%emt 0:00:55] Black is
clearly winning.} 31. Qd1 Qa4 32. g5 Rxc2 33. Rxc2 Qxc2+ 34. Qxc2 Nxc2 35. gxf6 Nxa1 36. fxg7 Nc2 37.
h4 h5 {[%emt 0:00:15] Weighted Error Value: White=0.55/
Black=0.18 (very precise)} 0-1

[Event "44th Chess Olympiad Open 2022"]
[Site "Chennai"]
[Date "2022.08.06"]
[Round "8.36"]
[White "Egesa emmanuel"]
[Black "Tashev, Aleksandar"]
[Result "1/2-1/2"]
[WhiteElo "2152"]
[BlackElo "2262"]
[Annotator "RC"]
[PlyCount "101"]
[EventDate "2022.??.??"]
[TimeControl "60"]

1. d4 d5 2. c4 e6 3. Nf3 c6 4. cxd5 exd5 5. Nc3 Bf5 6. Bf4 Nf6 7. e3 Qb6 8. Qc1 h6 9. h3 Be7 10. Be2 O-O 11. O-O Nbd7 12. a3 a5 13.
Ne1 c5 14. Na4 Qa7 15. dxc5 Nxc5 16. Nxc5 Bxc5 17. Nf3 Rfe8 18.
Be5 Rac8 19. Qd1 Ne4 20. Bd4 Bh7 21. Rc1 Rcd8 22. Rxc5 Nxc5 23. b4 b6 24. bxc5 bxc5 25. Ba1 Be4 26. Qd2 f6 27. Rc1 c4 28.
Nd4 Qc5 29. Bc3 Qxa3 30. Bxa5 Ra8 31. Bc3 Qe7 32. Bf3 Bxf3 33. Nxf3 Red8 34. Qd4 Qa7 35. Qd2 Qb7 36. Qc2 Ra6 37. Nd4 Qf7 38. Rb1 Raa8 39. Qf5 Qd7 40. Qg6 Qe8 41. Qg4 Qe4 42. Qxe4 dxe4 43. Rb4 Rac8 44. Rb7 Rb8 45. Rc7 Rdc8 46. Re7 Rb1+ 47. Kh2 Rc1 48. Bb2 Rb1 49. Bc3 Rc1 50. Bb2 Rb1 51. Bc3 1/2-1/2

[Event "44th Chess Olympiad Open 2022"]
[Site "Chennai"]
[Date "2022.08.06"]
[Round "8.37"]
[White "Miezis Normunds"]
[Black "Dornbusch, Tatiana"]
[Result "1/2-1/2"]
[WhiteElo "2446"]
[BlackElo "2247"]
[Annotator "TA"]
[PlyCount "121"]
[EventDate "2022.??.??"]
[TimeControl "60"]

1. c4 e5 2. Nc3 Nf6 3. g3 d5 4. cxd5 Nxd5 5. Bg2 Nb6 6. d3 Be7 7. Nf3 Nc6 8. O-O O-O 9. a3 a5 10. Be3 Be6 11. Ne4 {[%emt 0:
00:00] A29: English Opening: Four Knights Variation with 4 g3.} Nd5 12. Bc5 b6 13. Bxe7 Ndxe7 14. Rc1 f6 {[%emt 0:02:12] [#]
Prevents Neg5.} 15. Qc2 $146 ({Predecessor:} 15. Qa4 Qd7 16.
Rfd1 Rac8 17. d4 Nxd4 18. Qxd7 Bxd7 19. Nxd4 exd4 20. Rxd4 Be6 21. Nc3 {
1-0 (31) Belzo,K (2044)-Amer,S (2044) Baku 2016}) 15... Rc8 16. e3 Qd7 17. Rfd1 Bg4 18. Rd2 Rfd8 19. Nh4 Rf8 20. d4 exd4 21. exd4 Kh8 22. d5 Ne5 23. f4 N5g6 24. Nxg6+ Nxg6 25. Nf2 {
[%emt 0:08:55] White is more active.} Bf5 26. Qd1 {[%emt 0:01:
51] Strongly threatening g4.} Ne7 $1 27. Rc4 Bg6 28. Rcd4 (28. d6 $14 cxd6 29. Rxd6) 28...
Nf5 $11 29. Bh3 Rcd8 (29...
Rfe8 {deserves consideration.}) 30. R4d3 (30. d6
$5 cxd6 31. Rd5 $14) 30... Qe7 31. Re2 Qc5 32. Bg2 $2 {[%emt 0:00:34] [#]} (32. Rc3 $11 {and White stays
safe.} Rxd5 33. Rxc5 Rxd1+ 34. Nxd1 bxc5 35. Bxf5 Bxf5 36. Re7) 32... Rd7 $2 (32... Bh5 $19 33. Rc2 Bxd1 34. Rxc5 bxc5 35. Nxd1 Rfe8) 33.
Rc3 Qb5 (33... Qd4 $2 34. Rd2 Bh5 35. Rxd4
$18) 34. Rd2 (34. g4 $11 Nd6 35. Bf1) 34... Re7 $1 $15 35. Be4 Rfe8 {[%emt 0:00:43] [#] White must
now prevent ...Nd6.} 36. Qf3 (36. Qf1 $1 $15 Qxf1+ 37. Kxf1)
36... Nd6 $17 37. Bd3 Bxd3 38. Qxd3 Qxd3 39. Rdxd3 Re1+ 40. Kg2 R1e2 (40... R8e2 $15
41. Rxc7 h5) 41. Kf3 (41. Rxc7 $11 Ne4 42. Rf3) 41... Nb5 ({Much weaker is} 41... Rxb2 42. Rxc7 f5 43. Re3 $11) (41...
R8e7 $1 $15 42. b4 Ra2) 42. Rc4 $11 {[%emt 0:00:00] The position is equal.}
R2e7 43. Re4 Nd6 44. Rxe7 Rxe7 {[%emt 0:00:01] Endgame KRN-KRN} 45. Re3 Nf5 46. Rxe7 Nxe7 {[%emt 0:00:02] KN-KN} 47.
Ke4 {[%emt 0:00:00] With the idea Nd1.} Kg8 48. g4 Kf7 49. f5 Nc8 50.
h4 Nd6+ 51. Kf4 Nc4 52. Nd3 Ke7 53. Ke4 Kd6 54. g5 Nd2+ 55.
Ke3 Nc4+ 56. Kd4 Nd2 {
[%emt 0:00:17] aiming for ... fxg5.} 57. Ne1 Nb3+ 58. Kc4 Nd2+ 59. Kd4 Nb3+ 60. Kc4 Nd2+ 61. Kd4 {
[%emt 0:00:44] Weighted Error Value: White=0.25 (precise) /Black=0.18 (very
precise)} 1/2-1/2

[Event "44th Chess Olympiad Open 2022"]
[Site "Chennai"]
[Date "2022.08.06"]
[Round "8.37"]
[White "Bagheri, Amir"]
[Black "Kantans, Toms"]
[Result "0-1"]
[WhiteElo "2375"]
[BlackElo "2486"]
[Annotator "TA"]
[PlyCount "90"]
[EventDate "2022.??.??"]
[TimeControl "60"]

1. d4 Nf6 2. Nf3 g6 3. Bg5 Bg7 4. Nbd2 h6 5. Bh4 d6 6. e4 Nh5 7. c3 O-O 8. Bc4 {[%emt 0:06:12] A48:1 d4 Nf6 2 Nf3
g6: Torre, London and Colle Systems.} c5 9. d5 {[%emt 0:00:00]
[#] Prevents Nc6.} f5 $146 ({Predecessor:} 9... Na6 10. O-O
Nc7 11. a4 g5 12. Bg3 e6 13. dxe6 fxe6 14. Ba2 Nf4 15. Qc2 b6 16. Rad1 Ba6 17.
Bc4 Bb7 18. Ba2 Ba6 19. Bc4 Bb7 20. Ba2 {½-½ (20) Cifuentes Parada,R (2428)
-Forcen Esteban,D (2548) Aragon 2020}) 10. exf5 {[%emt 0:00:55] White is
slightly better.} Bxf5 11. O-O Nd7 12. a4 Qe8 13. Re1 g5 14. Bg3 {[%emt 0:00:20] [#] Threatens to
win with Bxd6.} Qf7 15. a5 Bh7 16. Ne4 (16. h3 $14) 16... Nxg3 $11 17.
hxg3 (17. fxg3 $11 g4 18. Nfd2) 17... g4 $1 $15 18. Nfd2 (18. Bb5 $5 Nf6 19. Nfd2 $11 (19.
Nxf6+ Qxf6 20. Nh4 Qxf2+ 21. Kh2 Qxb2 $17)) 18... Ne5 19. Qe2 Kh8 20. Rf1 (20. Ba2 $11)
20... Qh5 (20... Nxc4 $17 21. Qxc4 Qf5) 21. Rae1 (21. Bb3 $15) 21... Nxc4 $17 22. Nxc4 Qxd5 23. Ned2 Bd3 {[%emt 0:00:00] Black is
more active.} 24. Qxg4 Qf7 25. f3 Bxf1 26. Kxf1 Rad8 27. Re6 Bf6 (27... Rg8 $17 {And now ...Bf8
would win.} 28. Qh3 Bf8) 28. Qh3 (28. Ne4 $11) 28... Qg7 ({Black should try} 28... d5 $17 29. Ne5 Qg7) 29. Ne3 $15 d5 {[%emt 0:03:09] White should prevent ...Qh7.} 30. Nf5 (30. c4 $1 $11) 30... Qh7 $17 31. f4 (31. g4 $17) 31... Rc8 $2 ({Black should play} 31...
h5 $19 {[%cal Yb7b6] Hoping for ...b6!} 32. Kf2 Rd7) 32. Nxh6 $2 {[%emt 0:02:
36] [#]} (32. Nxe7 $1 $11 {and White stays safe.} Rc7 33. Nxd5 Qd3+ 34. Ke1
Qxd5 35. Qxh6+ Kg8 36. Rxf6 Re7+ 37. Kd1 (37. Kf1 Rxf6 38. Qxf6 Qd3+ 39. Kg1
Qe3+ 40. Kh2 Rh7+ 41. Qh4 Rxh4+ $19) 37... Rxf6 38. Qxf6) 32... Rc6 $1 $36 {
[%emt 0:00:35] aiming for ...Rxe6. Black is on the roll.} 33. Rxc6 (33. Re2 {is a better defense.}) 33... bxc6 ({Don't take
} 33... Qd3+ 34. Kg1 bxc6 35. Nf5+ Kg8 36. Qg4+ Kh8 37. Nf3 $16 (37. Qh5+ Kg8
$16)) 34. Qh5 $2 (34. Nf3) 34... Bg7 ({
Don't blunder} 34... Qd3+ $2 35. Kf2 Qh7 36. Ke2 $19) 35. Nf7+ Kg8 36. Qxh7+ Kxh7 {[%emt 0:00:06] Endgame
KRB-KNN} 37. Ng5+ Kg8 38. Ne6 Rb8 39. Nxg7 Kxg7 {[%emt 0:00:06] KR-KN}
40. b3 (40. Nf3 $142) 40... Kf6 {[%emt 0:01:09] Black is
clearly winning.} 41. Ke2 e5 42. Ke3 Rg8 43. fxe5+ Kxe5 44. Kf3 Rb8 45. g4 Rb5 {[%emt 0:00:00] Weighted Error Value: White=0.36/Black=0.15 (very precise)}
0-1

[Event "44th Chess Olympiad Open 2022"]
[Site "Chennai"]
[Date "2022.08.06"]
[Round "8.37"]
[White "Ungurs, Edgars"]
[Black "Verdier, Patrice"]
[Result "1-0"]
[WhiteElo "2206"]
[BlackElo "2017"]
[Annotator "NA RC"]
[PlyCount "87"]
[EventDate "2022.??.??"]
[TimeControl "60"]

1. e4 e6 2. d4 d5 3. Nd2 Nf6 4. e5 Nfd7 5. Bd3 c5 6. c3 Nc6 7. Ndf3 cxd4 8. cxd4 f6 9. exf6 Nxf6 10. Nh3 Bd6 11. O-O O-O 12. Re1 Qc7 13. Nhg5 e5 14. dxe5 Nxe5 15. Rxe5 Bxe5 16. Bxh7+ Kh8 17. Nh4 g6 18. Nxg6+ Kg7 19. Nxf8 Kxf8 20. Bd3 Bxh2+ 21. Kf1 Kg8 22. Be3 Bg4 23. Qb3 Re8 24. Ne4 Nxe4 25. Qxd5+ Qf7 26. Bxe4 Be6 27. Qg5+ Qg7 28. Qxg7+ Kxg7 29. Bd4+ Kf7 30. f3 Rd8 31. Be3 Bg3 32. b3 b6 33. Ke2 Be5 34. Rh1 Kg8 35. Rd1 Re8 36. Bd5 Kf7 37. Kf2 Rc8 38. Bxe6+ Kxe6 39. f4 Rf8 40. Kf3 Bc7 41. g4 Rh8 42. f5+ Ke7 43. Bf4 Rh3+ 44. Ke4 1-0

[Event "44th Chess Olympiad Open 2022"]
[Site "Chennai"]
[Date "2022.08.06"]
[Round "8.37"]
[White "Ribbegren, Karl Johan"]
[Black "Golubovskis, Maksims"]
[Result "1/2-1/2"]
[WhiteElo "2198"]
[BlackElo "2219"]
[Annotator "NA RC"]
[PlyCount "47"]
[EventDate "2022.??.??"]
[TimeControl "60"]

1. d4 Nf6 2. Nf3 e6 3. e3 b6 4. Nbd2 Bb7 5. Bd3 c5 6. O-O Be7 7. b3 O-O 8. Bb2 d5 9. c4 Nc6 10. Rc1 Rc8 11. Qe2 dxc4 12. Nxc4 cxd4 13. Nxd4 Nxd4 14. Bxd4 Qd5 15. f3 Qg5 16. Ne5 Ba3 17. Rxc8 Rxc8 18. Ba6 Bxa6 19. Qxa6 Rc2 20. Rf2 Rc1+ 21. Rf1 Rc2 22. Rf2 Rc1+ 23. Rf1 Rc2 24. Rf2 1/2-1/2

[Event "44th Chess Olympiad Open 2022"]
[Site "Chennai"]
[Date "2022.08.06"]
[Round "8.38"]
[White "Murshed, Niaz"]
[Black "Xie, Felix"]
[Result "1/2-1/2"]
[WhiteElo "2413"]
[BlackElo "2224"]
[Annotator "TA"]
[PlyCount "83"]
[EventDate "2022.??.??"]
[TimeControl "60"]

1. d4 d5 2. c4 e6 3. Nc3 Be7 4. Nf3 Nf6 5. Bg5 h6 6. Bh4 O-O 7. e3 b6 8. Bd3 Bb7 9. O-O Nbd7 10. Rc1 c5 11. cxd5 Nxd5 12. Bg3 Nxc3 {[%emt 0:08:17] D58: Queen's Gambit Declined: Tartakower
Defence.} 13. Rxc3 Nf6 14. dxc5 {[%emt 0:03:
43] The position is equal.} Bxc5 {[%emt 0:01:36] [#]} 15. a3 $146 ({Predecessor:} 15. Qb3 Qe7 16. Rd1 Rfd8 17. Be5 Rd5 18. Bc4 Rxd1+ 19.
Qxd1 Rd8 20. Rd3 Rxd3 21. Qxd3 {½-½ (78) Vogelbacher,G (2131)-Sadewasser,A 
(2216) Germany 2011}) 15... Nd5 16. Rc2 Bd6 17. Qe2 Bxg3 18. hxg3 Rc8 19. Rfc1 Qd7 20. Nd4 Rxc2 21. Rxc2 Rc8 22. Bb5 Rxc2 23. Qxc2 Qc7 24. Qxc7 Nxc7 25. Bc6 Bxc6 26. Nxc6 $11 {[%emt 0:
00:06] Endgame KN-KN} a6 27. Kf1 Kf8 28. Ke2 Ke8 29. Ne5 f6 30. Nc4 b5 31.
Na5 Kd7 32. b4 e5 33. Kd3 f5 34. e4 g6 35. f4 exf4 36. gxf4 Ne6 37. g3 h5 38. Ke3 fxe4 39. Kxe4 Ng7 40. Nb3 Nf5 41. Kf3 Kc6 42. g4 {[%emt 0:00:00] A
balanced but interesting game. Weighted Error Value: White=0.00 (flawless) /
Black=0.01 (flawless)} 1/2-1/2

[Event "44th Chess Olympiad Open 2022"]
[Site "Chennai"]
[Date "2022.08.06"]
[Round "8.38"]
[White "Hossain, Enamul"]
[Black "Gong, Daniel Hanwen"]
[Result "1/2-1/2"]
[WhiteElo "2377"]
[BlackElo "2296"]
[Annotator "TA"]
[PlyCount "173"]
[EventDate "2022.??.??"]
[TimeControl "60"]

1. e4 c5 2. Nf3 Nc6 3. d4 cxd4 4. Nxd4 g6 5. c4 Nf6 6. Nc3 Nxd4 7. Qxd4 d6 8. f3 Bg7 9. Be3 O-O 10. Qd2 Be6 11. Rc1 Qa5 12. b3 Rfc8 13. Be2 a6 14. Na4 Qxd2+ 15. Kxd2 Nd7 16. g4 Rcb8 {[%emt 0:01:03] B36: Sicilian: Maroczy Bind: Gurgenidze System.} 17. Nc3 {
[%emt 0:16:46] Prevents b5.} b5 18. Nd5 Bxd5
{[%emt 0:00:05] White is slightly better.} 19. cxd5 Nc5 {
[%emt 0:00:04] [#]} 20. Rc2 $146 ({Predecessor:} 20. g5 Bb2
21. Rc2 Ba3 22. Rb1 a5 23. Kd1 Na6 24. Bf1 Nb4 25. Rd2 Rb7 26. f4 Na6 27. Rc2
Nb4 28. Rd2 Na6 29. Rc2 Nb4 30. Rd2 {½-½ (30) Aronian,L (2767)-Duda,J (2757)
Stavanger 2020}) 20... b4 21. Bc4 a5 22. g5 a4 23. Bxc5 dxc5 24. f4 axb3 25.
Bxb3 Bc3+ 26. Kd3 Kg7 27. h4 h6 (27... Rh8 $1 $11 {keeps the balance.}) 28. gxh6+ $1 $16 Kxh6 {[%emt 0:01:48] [#]} (28... Kh7 $16 {is a better defense.}
) 29. h5 $1 $18 g5 ({Not} 29... gxh5 30. Rch2
Rg8 31. Rxh5+ Kg7 32. d6 exd6 33. Rh7+ Kf8 34. Rxf7+ Ke8 35. Rhh7) 30. fxg5+ Kxg5 31. h6 {[%emt 0:00:07][%cal Yd5d6]
Strongly threatening d6!} Kg6 32. h7 Kg7 33. Rg2+ Kh8 34. Rg5 (34. Rf2 $142) 34... Ra6 (34... Bg7 $142) 35.
Rf5 ({Better is} 35. e5 $16 {[%cal Yd5d6] aiming for d6!} Rg6
36. Rxg6 fxg6 37. Ke4) 35... Rf6 (35... f6 $11) 36. Rxf6 Bxf6 {[%emt 0:00:03] Endgame [#] KRB-KRB} 37. Rh5 $1 Bd4 38. e5 f6 39.
exf6 (39. d6 $18) 39... Bxf6 $16 40. Kc4 Bd4 41. Rh4 ({White should
play} 41. Bc2 $16) 41... Rc8 (41... Rb6 $1 $14) 42. Kb5 (42. Re4 $16) 42... Be5 $14 43. Rh5 Bd6 44. Bc2 Ra8 45.
Rg5 Rc8 46. Kb6 (46. Kc4 $14
) 46... c4 $1 $11 {[%emt 0:00:42] The position is equal.} 47. Kb7 b3 48. axb3 cxb3 49.
Be4 Rc7+ 50. Ka6 Rc8 {[%emt 0:00:21] Against Rg8+} 51. Kb6 Bf4 52. Rf5 Bd6 53. Rf7 b2 54. Bb1 Rb8+ 55.
Kc6 Rd8 $1 56. Kb5 Rc8 57. Kb6 Rb8+ 58. Kc6 Rd8 $1 59. Rf5 Kg7 60. Rh5 Bf4 61. Kc5 Kh8 62. Rf5 Bd6+ 63. Kd4 Rc8 64. Rg5 Bf4 65. Rg6 Rf8 66. Re6 Bg5
{[%emt 0:01:15] ...Rf1 is the strong threat.} 67. Rb6 Bf6+ 68. Ke3 Rd8 69. Rb7 Kg7 70. Be4 Kf7 71.
Kf4 Bg7 72. Kg5 Bf6+ 73. Kh5 Be5 74. Bg6+ Kf6 75. Rb6+ Kg7 76. Be4 Rb8 77. Rg6+ Kh8 78. Rg1 Bg7 79. Kg6 Rf8 80. Bb1 Rf6+ 81. Kh5 Rf4 82. Re1 Rd4 83. Rxe7 {[%emt 0:00:34] Re8+ would kill now.} Rxd5+ 84. Kg4 {[%emt 0:00:23] Threatening mate with Re8+.} Rd8 {[%emt 0:00:
00] Prevents Re8+.} 85. Rb7 Rf8 86. Kg5 Bd4 87. Kg6 {[%emt 0:00:37] Black defended
with fortune. Weighted Error Value: White=0.16 (very precise) /Black=0.24 
(precise)} 1/2-1/2

[Event "44th Chess Olympiad Open 2022"]
[Site "Chennai"]
[Date "2022.08.06"]
[Round "8.38"]
[White "Croad, Nicolas"]
[Black "Rahman, Ziaur"]
[Result "1/2-1/2"]
[WhiteElo "2289"]
[BlackElo "2424"]
[Annotator "TA"]
[PlyCount "102"]
[EventDate "2022.??.??"]
[TimeControl "60"]

1. d4 d6 2. Nf3 g6 3. e4 Nf6 4. Bd3 Bg7 5. h3 O-O 6. O-O Nc6 7. c3 e5 8. dxe5 ({
White should try} 8. Re1 $14) 8... dxe5 {[%emt 0:02:03] B07: Pirc Defence:
Miscellaneous Systems.} 9. Qe2 Nh5 10. Rd1 h6 {[%emt 0:05:16] [#]} 11. Na3 $146 ({
Predecessor:} 11. Bc2 Qf6 12. Na3 Be6 13. Bb3 Rfd8 14. Be3 a6 15. Rxd8+ Rxd8
16. Rd1 Rxd1+ 17. Qxd1 Nf4 18. Bxe6 Qxe6 19. b3 {½-½ (19) Shao,W (2236)-Lee,
J (2383) Novi Sad 2019}) 11... Qe7 12. Nh2 Nf4 13. Bxf4 exf4 14. Nc2 Ne5 15. Nf3 Nxd3 16. Qxd3 c5 {[%emt 0:05:57] Inhibits Ncd4.} 17. Na3 b6 18. e5 {[%emt 0:05:10] [#]} Bb7
$1 {[%emt 0:05:16][%cal Yc8b7,Yb7d5,Yd5c6,Yc6b5] Against Qe4} (18... Bxe5 $2
19. Qe4 Bxh3 20. gxh3 $18) 19. Nc4 Rad8 20.
Qe2 Qe6 21. b3 Bd5 22. Re1 b5 (22... g5 $17 23. Rac1
Rfe8) 23. Ncd2 $1 $11 a6 24. c4 Bc6 25. cxb5 Bxb5 {[%emt 0:00:00] This
bishop pair is nice.} 26. Nc4 g5 27. Rac1 Rfe8 28. Qc2 {[%emt 0:02:09] Hoping for Nd6.}
Rd5 29. a4 Bxc4 30. Qxc4 Rb8 31. Rc3 Bf8 (31... Bxe5 32. Rd3 Rxd3 33. Qxd3 Qxb3 34. Qxb3 (34. Nxe5 Qxd3 35. Nxd3 c4
$16) 34... Rxb3 35. Nxe5 $18 (35. Rxe5 Rc3 $16)) 32. Qe2 Rbd8 33. Qc2 (33. Rcc1 $11) 33... Kg7 (33... Be7 $15 {is more appropriate.}) 34. Rc4 Rb8 35. Rd1 Rxd1+ (35...
Be7 {keeps more tension.} 36. Rxd5 Qxd5 37. Kh2 Rd8) 36. Qxd1 Be7 37. Rc3 h5 38. Rd3 Rg8 39. Nd2 g4 40. Nc4 Kf8 41. hxg4 hxg4 {[%emt 0:01:03] Strongly threatening ...Rh8.} 42. Rd7 g3
{[%emt 0:02:08] And now ...Qh6 would win.} 43. Rb7 Kg7 {
[%emt 0:14:39] [#]} (43... Qg6 $11 {keeps the balance.} 44. fxg3 fxg3) 44. fxg3
$1 $16 Rd8 45. Qf3 Qg6 46. Rxe7 ({White has to play} 46. gxf4 $16
Qb1+ 47. Kf2 (47. Qf1 $2 Rd1 $19) 47... Bh4+ 48. g3 Qc2+ 49. Qe2 (49. Ke1 $2 {
leads to mate.} Rd1+ 50. Qxd1 Bxg3+ 51. Kf1 Qf2#) 49... Bxg3+ 50. Kf3 Qc3+ 51.
Kg4 Bxf4 52. Qf3 (52. Kxf4 $2 Rd4+ 53. Qe4 Qc1+ 54. Ne3 Rxe4+ 55. Kxe4 Qh1+ 56.
Kf4 Qxb7 $19) 52... Qxf3+ 53. Kxf3) 46... Qb1+ $11 {[%emt 0:00:19] The
position is equal.} 47. Kf2 $1 Qc2+ 48. Ke1 ({But not} 48. Kg1 $2 Rd1+ 49. Qxd1 Qxd1+ 50. Kf2 fxg3+ 51. Ke3
Qxb3+ 52. Kf4 Qxc4+ $19) 48... Qc1+ 49. Kf2 Qc2+ 50. Ke1 ({Not} 50. Kg1 $2 Rd1+ 51. Qxd1
Qxd1+ 52. Kf2 fxg3+ 53. Kxg3 Qxb3+ 54. Kf2 Qxc4 $19) 50... Qb1+ 51. Kf2 Qc2+ {[%emt 0:00:29] Weighted Error Value: White=0.
11 (very precise) /Black=0.13 (very precise)} 1/2-1/2

[Event "44th Chess Olympiad Open 2022"]
[Site "Chennai"]
[Date "2022.08.06"]
[Round "8.38"]
[White "Stark, John"]
[Black "Mehdi Hasan Parag"]
[Result "0-1"]
[WhiteElo "2028"]
[BlackElo "2227"]
[Annotator "RC"]
[PlyCount "142"]
[EventDate "2022.??.??"]
[TimeControl "60"]

1. b3 c5 2. Bb2 Nc6 3. e3 Nf6 4. Nf3 g6 5. Bxf6 exf6 6. c4 Bg7 7. Nc3 f5 8. Rc1 O-O 9. Be2 d6 10. O-O g5 11. Ne1 Re8 12. Bd3 g4 13.
Qc2 Nb4 14. Qb1 Qg5 15. a3 Nxd3 16. Nxd3 Re6 17. f4 Qh5 18. g3 Bxc3 19. Rxc3 b6 20. Qe1 Bb7 21. Qf2 Rae8 22. Rcc1 Rh6 23. Nb2 Qh3 24. Rc2 Rhe6 25. Re1 Qh6 26. Nd1 Qg7 27. Nc3 Bf3 28. h4 Qd4 29. Nb5 Qe4 30. Rcc1 Qb7 31. Nc3 a6 32. Qf1 d5 33. cxd5 Bxd5 34. Qd3 Bxb3 35. Qxf5 Qf3 36. Re2 Re5 37. Qb1 Bd5 38. Nxd5 Rxd5 39. Rg2 b5 40. Qb2 c4 41. Qf6 Re6 42. Qb2 Red6 43. Qc3 Qe4 44. Rf1 f5 45. Qb4 Rd3 46. a4 Qd5 47. axb5 Qxb5 48. Qxb5 axb5 49. Rb1 Rb6 50. Rb4 Rb3 51. Rxb3 cxb3 52. Kf2 Kf7 53. Rg1 Ke6 54. Rb1 Kd5 55. Rxb3 b4 56. Ke2 Kc4 57. Rb1 b3 58. Rc1+ Kb4 59. e4 fxe4 60. Ke3 Re6 61. f5 Re8 62. Kd4 b2 63. Rf1 Kb3 64. f6 Kc2 65. f7 Rf8 66. Kxe4 Rxf7 67. Rxf7 b1=Q 68. Rf4 Kxd2+ 69. Ke5 Qg6 70. Rf5 Ke3 71. Rf4 h5 0-1

[Event "44th Chess Olympiad Open 2022"]
[Site "Chennai"]
[Date "2022.08.06"]
[Round "8.39"]
[White "Matamoros Franco, Carlos S."]
[Black "Silva, David"]
[Result "1-0"]
[WhiteElo "2459"]
[BlackElo "2315"]
[Annotator "TA"]
[PlyCount "65"]
[EventDate "2022.??.??"]
[TimeControl "60"]

1. Nf3 Nf6 2. g3 g6 3. Bg2 Bg7 4. c4 O-O 5. Nc3 c5 6. d4 Nc6 7. dxc5 Qa5 8. O-O Qxc5 9. b3 {[%emt 0:03:02] A31: Symmetrical English: 2 Nf3 Nf6 3 d4.} d6 10. Bb2 Qh5 {[%emt 0:00:27] [#]} 11. h4 $146 {
[%emt 0:00:13] White is slightly better.} ({Predecessor:} 11. Qd2 Bh6 12. Qd1
Bg4 13. Nd5 Nxd5 14. cxd5 Ne5 15. Nxe5 dxe5 16. Re1 Rac8 17. Ba3 {½-½ (58)
Venkatesh,M (2400)-Fressinet,L (2651) Porticcio 2017}) 11... Ne4 12. Qc1 Bh6 13. Qc2 Nf6 14. Rfe1 Bf5 15. e4 Nb4 16. Qb1 Bg4 17. Nh2 Bd2 18.
Nxg4 Qxg4 19. e5 Bxe1 20. exf6 Bxf2+ {[%emt 0:00:11] A mistake that
costs the game.} 21. Kxf2 $18 {[%emt 0:00:04][%cal Yg1f2,Yf2e2,Ye2f1] Hoping
for a3.} Qd4+ {[%emt 0:00:16] [#]} 22. Ke2 $1 {[%emt 0:00:00] aiming for Ne4.
Active counter play!} Qg4+ 23. Kf1 Qxg3 24. Qe1 $36 {[%emt 0:00:14] White is in control.} ({Don't do} 
24. fxe7 Qf4+ 25. Ke2 (25. Kg1 Qd4+ 26. Kf1 Qf6+ 27. Ke2 Qxe7+ 28. Qe4 Rae8 $16
) 25... Rfe8) 24... Qf4+ 25. Qf2 {[%emt 0:00:07] Dancing on a
razor blade.} Qxf2+ 26. Kxf2 e6 (26... Nd3+ $16 27. Ke3 Nxb2) 27. Rd1 Rab8 28. Ba3 {[%emt 0:05:25] A strong pair of Bishops.} ({Not} 28. Rxd6 Rfd8
29. Rxd8+ Rxd8 $14) 28... a5 29. Rxd6 Rfd8 (29... b6 $142 30. Be4 Rfd8 31. Rxd8+ Rxd8) 30. Rxd8+ Rxd8 31. Bxb7 Rd2+ 32. Ke1 Rd7 33. Be4 {[%emt 0:00:05] Weighted
Error Value: White=0.02 (flawless) /Black=0.29 (precise)} 1-0

[Event "44th Chess Olympiad Open 2022"]
[Site "Chennai"]
[Date "2022.08.06"]
[Round "8.39"]
[White "Noboa Silva, Kevin"]
[Black "Dias, Vanderson"]
[Result "1-0"]
[WhiteElo "2304"]
[BlackElo "2139"]
[Annotator "RC"]
[PlyCount "133"]
[EventDate "2022.??.??"]
[TimeControl "60"]

1. d4 d5 2. c4 e6 3. Nc3 Nf6 4. cxd5 exd5 5. Bg5 Be7 6. e3 c6 7. Bd3 Be6 8. Nge2 Bg4 9. f3 Bh5 10. O-O Bg6 11. Kh1 Bxd3 12. Qxd3 O-O 13. Rad1 Na6 14. e4 Nc7 15. Be3 Nd7 16. Ng3 Bg5 17. Nf5 Bxe3 18.
Qxe3 Nb6 19. b3 Qd7 20. Rfe1 Rad8 21. Qg5 f6 22. Qg4 g6 23. Qg3 Kh8 24. Ne3 Rde8 25. Ng4 Re7 26. Qh4 Qd6 27. e5 fxe5 28.
Nxe5 Ree8 29. Re3 Kg7 30. Rde1 Qf6 31. Qg3 Qf4 32. Qxf4 Rxf4 33. Ne2 Rff8 34. Nc1 Nb5 35. Ne2 Nd6 36. g4 Nf7 37. Kg2 Nxe5 38. dxe5 c5 39. Nc1 d4 40. Re4 Nd5 41. Nd3 b6 42. Kg3 g5 43. Rc1 a5 44. a4 Kf7 45. h4 h6 46. hxg5 hxg5 47. Ree1 Rh8 48. Rh1 Ke6 49. Rce1 Ne3 50. f4 gxf4+ 51. Nxf4+ Kd7 52. e6+ Kd6 53. Rxh8 Rxh8 54. g5 Rg8 55. g6 b5 56. axb5 a4 57. bxa4 c4 58. Kf3 Kc5 59. Ke4 c3 60. Kd3 Kb4 61. Ne2 Rxg6 62. Nxd4 Nd5 63. e7 Rg3+ 64. Kc2 Rg2+ 65. Kc1 Nxe7 66. Rxe7 Rg1+ 67. Kc2 1-0